Map: Terraform LE (Void)

Players

EverZtelecoM (telecom) - Winner!

  • Race: Zerg Zerg
  • League: Diamond

Armadasan

  • Race: Terran Terran
  • League: Diamond

VOD

Have the link to the VOD?

Description

Time

  • Played on: Oct. 2, 2015, 9 p.m.
  • Length: 12:52
Show
View Real Time Build Order
Export as new Build Order

EverZtelecoM Zerg - Winner!

Build Orders: Hatch First 

Get SALT Encoding   

  12  0:01  Drone  
  13  0:08  Drone  
  14  0:17  Overlord  
  14  0:23  Drone, Extractor  
  15  0:35  Drone x2  
  17  0:44  Drone  
  18  0:57  Hatchery  
  18  1:03  Extractor  
  16  1:15  Drone, Spawning Pool  
  16  1:18  Drone  
  17  1:21  Drone  
  18  1:27  Drone  
  19  1:37  Overlord  
  19  2:01  Queen  
  19  2:02  Zergling x4  
  19  2:04  Metabolic Boost  
  23  2:10  Queen  
  23  2:12  Drone  
  23  2:14  Drone  
  27  2:21  Overlord  
  27  2:23  Drone  
  28  2:32  Drone x2  
  30  2:44  Drone x2  
  32  2:53  Drone x2  
  34  3:03  Zergling x2  
  35  3:08  Drone  
  35  3:11  Hatchery  
  35  3:13  Drone  
  35  3:17  Overlord  
  36  3:21  Overlord  
  36  3:28  Overlord  
  36  3:35  Queen x2  
  36  3:38  Drone x4  
  44  3:44  Drone x2  
  45  3:50  Overlord  
  45  3:55  Drone x4  
  48  4:02  Extractor  
  48  4:03  Drone, Extractor x2  
  48  4:09  Evolution Chamber  
  46  4:10  Evolution Chamber, Drone  
  46  4:11  Roach Warren  
  46  4:16  Lair  
  45  4:18  Drone  
  45  4:22  Drone x2  
  48  4:29  Drone  
  50  4:31  Drone, Spore Crawler  
  50  4:32  Drone  
  50  4:33  Spore Crawler  
  50  4:34  Drone  
  50  4:43  Zerg Missile Weapons Level 1  
  50  4:47  Zerg Ground Armor Level 1  
  50  4:49  Drone x2  
  52  4:54  Drone  
  52  4:58  Zergling x4  
  52  4:59  Zergling x2  
  54  5:06  Roach  
  54  5:07  Roach  
  58  5:08  Drone  
  59  5:16  Roach x4  
  59  5:20  Roach  
  69  5:23  Roach  
  69  5:26  Roach  
  73  5:38  Overlord x2  
  64  5:52  Drone x2  
  64  5:54  Drone x2  
  64  5:55  Drone  
  67  6:03  Drone x4, Spire  
  70  6:07  Drone x3  
  71  6:14  Drone x2  
  71  6:15  Spore Crawler  
  71  6:16  Spore Crawler  
  71  6:17  Spore Crawler  
  68  6:19  Drone  
  68  6:22  Spore Crawler  
  68  6:24  Drone  
  63  6:28  Overseer  
  61  6:36  Drone x3  
  61  6:37  Drone x7  
  61  6:38  Drone  
  73  6:52  Zergling x4  
  73  6:53  Roach  
  73  6:54  Roach x3  
  83  6:55  Roach x2  
  83  7:01  Roach x2  
  86  7:10  Roach x3  
  88  7:15  Ravager  
  88  7:16  Zergling x2  
  88  7:20  Mutalisk  
  89  7:30  Overlord x2  
  89  7:32  Overlord  
  89  7:51  Drone x2  
  89  7:53  Extractor  
  89  7:54  Extractor  
  89  7:57  Mutalisk  
  89  7:58  Hatchery, Mutalisk x6  
  92  8:05  Hatchery  
  101  8:07  Drone  
  101  8:10  Drone  
  101  8:12  Drone  
  104  8:15  Drone x4  
  104  8:16  Drone x2  
  104  8:19  Mutalisk x2  
  109  8:23  Drone  
  114  8:34  Overlord x2  
  114  8:35  Zerg Missile Weapons Level 2  
  114  8:48  Overseer  
  114  8:51  Queen  
  114  8:52  Queen  
  114  8:55  Mutalisk x3  
  113  8:59  Roach  
  113  9:02  Drone x3  
  122  9:03  Drone  
  122  9:14  Drone x6  
  128  9:19  Hatchery  
  128  9:20  Drone x2  
  128  9:23  Drone  
  130  9:25  Drone x2  
  130  9:27  Drone x5  
  137  9:34  Zergling x4  
  137  9:35  Queen  
  141  9:41  Zerg Ground Armor Level 2, Zergling x2  
  142  9:46  Infestation Pit  
  129  10:06  Roach  
  129  10:07  Roach x3  
  132  10:17  Drone x2  
  134  10:22  Roach x2  
  134  10:23  Overlord x2  
  134  10:25  Hive, Hydralisk Den  
  134  10:26  Overlord x2, Zergling x4  
  140  10:28  Drone  
  140  10:29  Drone  
  140  10:31  Overlord, Queen x2  
  140  10:34  Extractor  
  140  10:35  Extractor  
  143  10:36  Drone  
  144  10:49  Queen  
  146  10:50  Drone x2  
  146  10:53  Drone  
  146  10:55  Overlord  
  149  10:58  Hydralisk x5, Muscular Augments  
  160  11:04  Drone x2  
  160  11:09  Overlord  
  160  11:10  Drone x4  
  160  11:11  Drone  
  166  11:17  Drone x2  
  168  11:23  Hydralisk x2  
  168  11:24  Drone, Corruptor  
  175  11:26  Drone  
  174  11:37  Hydralisk x3  
  174  11:38  Hydralisk x3  
  174  11:41  Roach  
  174  11:42  Roach  
  174  11:43  Viper  
  174  11:44  Viper  
  184  11:51  Zergling x6  
  184  11:52  Roach x2  
  191  12:00  Roach  
  191  12:01  Roach x2  
  195  12:07  Roach x6  
  195  12:08  Roach  
  194  12:12  Roach x3  
  194  12:14  Roach  
  194  12:15  Roach  
  171  12:17  Roach x2  
  171  12:19  Roach  
  152  12:24  Roach  
  152  12:25  Roach x3  
  158  12:30  Roach x2  
  158  12:32  Roach x3  
Show
View Real Time Build Order
Export as new Build Order

Armadasan Terran 

Build Orders: Reaper Expand, Hellion Banshee, Mech 

Get SALT Encoding   

  12  0:01  SCV  
  13  0:13  SCV  
  14  0:17  Supply Depot  
  14  0:25  SCV  
  15  0:39  SCV  
  15  0:42  Barracks  
  16  0:45  Refinery  
  16  0:51  SCV  
  17  1:03  SCV  
  18  1:15  SCV  
  19  1:29  Orbital Command  
  19  1:30  Reaper  
  20  1:41  Command Center  
  20  1:50  Supply Depot  
  20  1:54  SCV  
  21  2:02  Barracks Reactor  
  21  2:07  SCV  
  22  2:19  SCV  
  23  2:24  Factory  
  23  2:31  SCV  
  24  2:42  Marine  
  24  2:43  SCV, Marine  
  27  2:54  Orbital Command  
  27  2:55  SCV  
  28  3:01  Marine x2  
  30  3:07  SCV  
  30  3:10  Starport  
  30  3:14  Factory Tech Lab  
  30  3:19  SCV, Marine x2  
  33  3:22  SCV  
  33  3:26  Refinery  
  34  3:31  SCV  
  34  3:32  Supply Depot  
  35  3:34  SCV  
  36  3:43  SCV  
  36  3:46  SCV  
  37  3:49  Hellion x2  
  41  3:55  Armory, SCV  
  41  3:58  SCV  
  43  4:03  Supply Depot  
  43  4:04  Marine  
  43  4:08  SCV, Medivac  
  47  4:11  SCV  
  48  4:18  Hellion  
  48  4:19  Hellion  
  48  4:20  SCV  
  48  4:23  SCV  
  54  4:26  Supply Depot  
  54  4:27  Cloaking Field  
  54  4:32  SCV  
  54  4:35  SCV  
  54  4:37  Command Center  
  56  4:40  Hellion x2  
  56  4:44  SCV  
  61  4:47  SCV, Banshee  
  61  4:50  Supply Depot  
  65  4:56  SCV  
  65  4:59  SCV  
  67  5:03  Hellion  
  67  5:06  Refinery  
  69  5:07  Refinery  
  69  5:08  SCV  
  69  5:11  Supply Depot  
  69  5:12  Hellion  
  72  5:18  SCV  
  73  5:22  Factory  
  73  5:34  SCV  
  69  5:45  SCV  
  69  5:47  Banshee  
  69  5:48  Hellion x2  
  77  5:50  Barracks Tech Lab, Orbital Command  
  77  5:53  Factory  
  65  6:06  SCV  
  65  6:09  Hellion x2  
  70  6:15  SCV  
  69  6:29  SCV  
  69  6:30  Banshee  
  69  6:32  SCV  
  74  6:38  Supply Depot  
  74  6:42  SCV  
  74  6:43  Orbital Command  
  75  6:48  Hellbat  
  75  6:49  Factory Tech Lab, Hellbat  
  75  6:50  Siege Tank  
  75  6:52  SCV  
  75  6:53  Barracks Reactor  
  81  6:55  SCV, Supply Depot  
  81  6:57  Supply Depot, Terran Vehicle Weapons Level 1  
  81  6:59  Liberator  
  81  7:00  Supply Depot x2  
  82  7:02  Supply Depot  
  82  7:04  SCV  
  82  7:07  SCV  
  81  7:14  Hellion x2, Siege Tank  
  88  7:16  SCV  
  88  7:19  SCV  
  88  7:29  SCV  
  83  7:31  SCV  
  83  7:32  SCV  
  85  7:39  Hellion x2, Siege Tank  
  85  7:41  SCV  
  85  7:43  SCV  
  94  7:44  SCV  
  95  7:53  SCV, Supply Depot  
  95  7:55  Command Center, SCV  
  95  7:58  SCV  
  98  7:59  Refinery  
  98  8:01  Refinery  
  98  8:05  SCV, Hellion x2  
  103  8:06  Siege Tank  
  106  8:23  Siege Tank  
  106  8:25  SCV x2  
  111  8:29  SCV  
  112  8:34  Supply Depot  
  112  8:36  Supply Depot  
  112  8:37  Supply Depot, SCV, Liberator  
  112  8:38  SCV, Supply Depot  
  114  8:41  SCV, Hellion  
  114  8:42  Hellion, Siege Tank  
  122  8:49  SCV  
  122  8:52  Hellion x8  
  121  8:57  SCV  
  121  8:59  Supply Depot, SCV  
  121  9:00  Engineering Bay  
  121  9:01  Supply Depot  
  123  9:06  Thor  
  123  9:07  Hellbat x2  
  133  9:10  Unknown  
  126  9:31  Thor  
  126  9:32  Hellbat  
  126  9:33  Hellbat  
  126  9:35  SCV  
  137  9:46  Missile Turret  
  137  9:49  Thor, Missile Turret, Liberator x2  
  137  9:52  Missile Turret  
  141  10:06  Hellbat x2  
  149  10:08  SCV  
  149  10:09  SCV  
  149  10:11  Missile Turret  
  149  10:12  Missile Turret x2  
  141  10:15  Missile Turret x2  
  141  10:16  Thor  
  141  10:19  SCV  
  146  10:22  Missile Turret  
  146  10:23  Missile Turret  
  146  10:26  Missile Turret  
  146  10:29  Command Center, Missile Turret  
  146  10:30  Hellbat x2  
  146  10:32  Siege Tank  
  146  10:33  SCV  
  154  10:43  Barracks Tech Lab  
  154  10:46  Factory  
  154  10:52  Orbital Command  
  154  10:54  Command Center, SCV  
  154  10:56  Hellbat x2  
  159  10:59  Siege Tank  
  162  11:07  Siege Tank  
  165  11:12  Liberator x2  
  165  11:19  Hellbat x2  
  169  11:32  SCV  
  176  11:46  Siege Tank, Hellbat x2  
  183  11:47  Siege Tank  
  167  12:11  Hellbat x2  
  156  12:20  Siege Tank x2  
  156  12:22  SCV  
Tags
 
Add a new tag
Caveats
  • Supply blocks, unpowered buildings, or Contaminate may cause inaccurate times.
  • Supply counts are checked every 10 seconds.